 Dungeon Crawl Stone Soup version 0.29.1-1-gd02db6906a (webtiles) character file.

Game seed: 7675239392893181293

140126 Ijustatesigmund the Warrior (level 17, -5/115 HPs)
             Began as a Gargoyle Fighter on Sept 16, 2022.
             Was the Champion of Cheibriados.
             Slain by a swamp worm (12 damage)
             ... called by a spriggan druid
             ... on level 1 of the Swamp.
             The game lasted 01:05:17 (23153 turns).

Ijustatesigmund the Warrior (Gargoyle Fighter)     Turns: 23153, Time: 01:05:17

Health: -5/115     AC: 21    Str: 33    XL:     17   Next: 30%
Magic:  28/28      EV: 17    Int: 35    God:    Cheibriados [******]
Gold:   2224       SH: 11    Dex: 29    Spells: 23/24 levels left

rFire   . . .      SeeInvis .   a - +5 flail (freeze)
rCold   + . .      Faith    .   c - +3 buckler "Poesec" {Stlth+}
rNeg    + . .      Spirit   .   h - +3 troll leather armour {Snorg}
rPois   ∞          Reflect  .   (helmet restricted)
rElec   +          Harm     .   y - +2 cloak {Stlth+}
rCorr   .          Rampage  .   (no gloves)
Will    +....                   (no boots)
Stlth   ++++++....              z - amulet of the acrobat
HPRegen 1.09/turn               f - ring of protection from cold
MPRegen 0.21/turn               H - +6 ring of dexterity

@: corroded, flying, studying Evocations, very slow
A: sickness immunity, AC +12, big wings, negative energy resistance 1,
electricity resistance, torment resistance 1, petrification resistance, horns 1,
clever 1, weak 1
a: Renounce Religion, Bend Time, Temporal Distortion, Slouch, Step From Time


You were on level 1 of the Swamp.
You worshipped Cheibriados.
Cheibriados was exalted by your worship.
You visited 6 branches of the dungeon, and saw 25 of its levels.

You collected 2224 gold pieces.

Inventory:

Hand Weapons
 a - a +5 flail of freezing (weapon)
 t - the +10 long sword "Eviscerator" {elec, SInv Stlth+}
   (You found it on level 4 of the Dungeon)

   It occasionally discharges a powerful burst of electricity upon striking a
   foe.
   SInv:      It lets you see invisible.
   Stlth:     It makes you more stealthy.
 v - the +7 whip of Dishonour {vorpal, rC++}
   (You found it on level 15 of the Dungeon)

   It inflicts extra damage upon your enemies.
   rC:        It greatly protects you from cold.
 I - the +7 long sword of Kenoih {elec, rN+++ rCorr Dex+3 Stlth-}
   (You took it off a deep elf pyromancer on level 12 of the Dungeon)

   It occasionally discharges a powerful burst of electricity upon striking a
   foe.
   Dex:       It affects your dexterity (+3).
   rN:        It renders you almost immune to negative energy.
   rCorr:     It protects you from acid and corrosion.
   Stlth:     It makes you less stealthy.
Missiles
 q - 4 throwing nets (quivered)
Armour
 c - the +3 buckler "Poesec" (worn) {Stlth+}
   (You found it on level 11 of the Dungeon)

   Stlth:     It makes you more stealthy.
 g - a +2 helmet
 h - a +3 troll leather armour (worn) {Snorg}
 x - the +4 ring mail "Surriq" {Int+7}
   (You found it on level 7 of the Dungeon)

   Int:       It affects your intelligence (+7).
 y - a +2 cloak of stealth (worn)
Jewellery
 d - a ring of wizardry
 f - a ring of protection from cold (left hand)
 i - a ring of fire
 m - an amulet of regeneration
 z - an amulet of the acrobat (around neck)
 A - a ring of protection from fire
 G - a ring of willpower
 H - a +6 ring of dexterity (right hand)
Wands
 n - a wand of polymorph (6)
 p - a wand of quicksilver (1)
 u - a wand of roots (4)
 E - a wand of charming (5)
 F - a wand of flame (26)
Scrolls
 o - 3 scrolls of enchant armour
 r - 4 scrolls of teleportation
 s - a scroll of poison
 w - a scroll of brand weapon
 C - 11 scrolls of identify
 D - a scroll of summoning
 J - 4 scrolls of blinking
 K - 2 scrolls of enchant weapon
 Q - a scroll of butterflies
 R - a scroll of magic mapping
Potions
 b - 2 potions of resistance
 j - 7 potions of attraction
 k - 2 potions of brilliance
 l - 6 potions of curing
 B - 3 potions of lignification
 N - a potion of berserk rage {unknown}


   Skills:
 - Level 16.1 Fighting
 - Level 5.4 Long Blades
 - Level 14.2 Maces & Flails
 + Level 10.1 Armour
 + Level 5.8 Dodging
 - Level 6.5 Stealth
 + Level 6.7 Shields
 - Level 4.3 Spellcasting
 - Level 3.2 Translocations
 + Level 14.9 Invocations
 + Level 11.0 Evocations


You had 23 spell levels left.
You knew the following spells:

 Your Spells              Type           Power      Damage    Failure   Level
a - Apportation           Tloc           58%        N/A       1%          1

Your spell library contained the following spells:

 Spells                   Type           Power      Damage    Failure   Level
 Necrotise                Necr           28%        1d5       6%          1
 Shock                    Conj/Air       28%        1d4       6%          1
 Slow                     Hex            28%        N/A       6%          1
 Summon Small Mammal      Summ           28%        N/A       6%          1
 Dazzling Flash           Conj/Hex       14%        N/A       19%         3
 Frozen Ramparts          Ice            14%        1d3       19%         3
 Iskenderun's Mystic Bla  Conj/Tloc      18%        2d6       30%         4
 Ice Form                 Ice/Tmut       7%         N/A       52%         4
 Petrify                  Tmut/Erth      7%         N/A       52%         4
 Summon Ice Beast         Ice/Summ       7%         N/A       52%         4
 Irradiate                Conj/Tmut      3%         3d12      86%         5
 Metabolic Englaciation   Hex/Ice        3%         N/A       86%         5
 Starburst                Conj/Fire      3%         6d3       100%        6
 Sublimation of Blood     Necr           Unusable   N/A       N/A         2
 Statue Form              Tmut/Erth      Unusable   N/A       N/A         6

Dungeon Overview and Level Annotations

Branches:
Dungeon (15/15)            Temple (1/1) D:4            Lair (5/5) D:8
  Swamp (1/4) Lair:2       Spider (0/4) Lair:2        Slime (0/5) Lair:4
    Orc (2/2) D:12            Elf (0/3) Orc:2        Vaults (0/5) D:14
 Depths (1/4) D:15

Altars:
Ashenzari
Cheibriados
Dithmenos
Elyvilon
Fedhas
Gozag
Hepliaklqana
Kikubaaqudgha
Makhleb
Nemelex Xobeh
Okawaru
Qazlal
Ru
Sif Muna
Trog
Uskayaw
Vehumet
Wu Jian
Xom
Yredelemnul
Zin
The Shining One
Jiyva
Lugonu

Shops:
Orc:1 :   Orc:2 [(=(

Portals:
Hell: Depths:1
Abyss: Lair:5


Innate Abilities, Weirdness & Mutations

You are immune to sickness and miasma.
Your stone body is resilient. (AC +12)
You are immune to poison.
Your large and strong wings let you fly.
You resist negative energy. (rN+)
You are resistant to electric shocks. (rElec)
You are resistant to unholy torment.
You are immune to petrification.
You have a pair of small horns on your head.
Your mind is acute. (Int +4, Str/Dex -1)
You are weak. (Str -2)


Message History

You kill the spriggan druid!
Cheibriados appreciates the change of pace.
You hear a splash. x3
The goliath frog hits you from afar! The acid corrodes you!
You are splashed with acid!
The bog body closely misses you.
Your Evocations skill increases to level 11!
You barely miss the bog body.
You headbutt the bog body, but do no damage.
The goliath frog barely misses you. You block the bog body's attack.
You barely miss the swamp dragon. The swamp dragon barely misses you.
You block the swamp dragon's attack. x2; The goliath frog closely misses you.
You hit the swamp dragon. You freeze the swamp dragon.
You headbutt the swamp dragon, but do no damage.
The swamp dragon is lightly wounded.
The bog body points at you and mumbles some strange words.
The bolt of cold hits you!! You resist.
* * * LOW HITPOINT WARNING * * *
The goliath frog hits you from afar!!
* * * LOW HITPOINT WARNING * * *
You are splashed with acid!
* * * LOW HITPOINT WARNING * * *
You hit the swamp dragon. You freeze the swamp dragon.
The swamp dragon is lightly wounded.
You block the swamp dragon's attack. x2
The swamp dragon tramples you but does no damage.
You block the bog body's attack. The goliath frog closely misses you.
The swamp worm bites you but does no damage.
Unknown command.
Unknown command.
Unknown command.
You feel much better. You block the swamp dragon's attack.
The swamp dragon completely misses you.
The swamp dragon tramples you but does no damage.
You block the swamp worm's attack. The goliath frog barely misses you.
The bog body touches you!
* * * LOW HITPOINT WARNING * * *
The bog body freezes you! You resist.
* * * LOW HITPOINT WARNING * * *
The swamp worm bites you!
You die...

♣.~~~~~~~~~~.~~.♣≈≈≈≈≈≈~.~~~~...
♣.~~~~~~~~§~.~~~≈≈≈≈≈≈≈♣~~~~..~♣
♣♣~~~~~~§~~~~.~~~≈≈≈≈≈≈≈.~~~~.~.~
♣~~.<.~~~~§......~♣≈≈≈♣...~~~.~~.
~~......♣~..$..~~.~♣≈♣.~§.....~~.
..♣.♣♣♣♣♣♣~...~~~~~~♣~.....~...~.
~~.♣♣ ♣♣♣~.~~~F..♣♣♣.~~.~~..~.
)~.~♣ ♣♣~..D)~.~♣♣~♣~~.~~~. ...♣♣
♣♣..@n~§♣♣ ♣♣♣♣♣~~ ...♣
♣~..ww~~..♣ ..♣♣ ♣♣.~~~≈~≈.≈~..
...♣♣ ♣♣ ♣~~~~..§~~~~~. ....♣ .♣♣
♣.~~~.≈~≈#~≈~~ ...♣♣~.~♣
♣.§~~~.~~≈~~~~ .~♣♣♣~.♣
♣♣♣..~≈#(...≈≈
.~~..~.♣♣♣♣♣♣♣♣♣~~§(....#
..)!.~♣♣♣~..♣♣♣♣.~≈..(#


You could see a swamp dragon (strong), a goliath frog (strong), a bog body and 2
swamp worms.

Vanquished Creatures
  Saint Roka (Orc:2)
  Frances (D:14)
  Roxanne (D:14)
  An orc warlord (Orc:2)
  2 eleionomae (Swamp:1)
  Snorg (D:10)
  An ettin (D:12)
  An ettin (shapeshifter) (D:14)
  3 vault guards (D:14)
  5 boulder beetles
  A catoblepas (D:12)
  13 hydras
  Erica (Lair:2)
  9 two-headed ogres
  A centaur warrior (D:13)
  6 tengu warriors
  4 death yaks (Lair:3)
  3 thrashing horrors (Lair:5)
  4 orc high priests (Orc:2)
  Sonja (Lair:3)
  The ghost of Quingondo the Conjurer, a novice OpWn of Elyvilon (D:7)
  A skeletal warrior (D:14)
  4 spriggans (Swamp:1)
  A goliath frog (Swamp:1)
  2 spriggan druids (Swamp:1)
  3 bog bodies
  A necromancer (D:15)
  A swamp dragon (Swamp:1)
  Pikel (D:6)
  4 deep elf pyromancers
  6 orc knights
  A wizard (D:15)
  4 orc sorcerers
  14 ugly things
  A will-o-the-wisp (Swamp:1)
  8 cyclopes
  6 manticores
  3 centaur zombies (D:12)
  A salamander (Lair:1)
  3 black mambas
  7 elephants
  A naga mage (D:15)
  A smoke demon (Lair:5)
  A torpor snail (Lair:5)
  A molten gargoyle (Lair:1)
  An eye of devastation (Lair:4)
  Psyche (D:10)
  A centaur skeleton (D:15)
  3 rime drakes
  14 cane toads
  A rime drake (shapeshifter) (D:15)
  An efreet (D:14)
  An unseen horror (D:12)
  A kobold demonologist (D:10)
  11 komodo dragons
  An unseen horror skeleton (D:7)
  4 polar bears
  A tengu conjurer (D:14)
  3 ancient zymes (Lair:5)
  A harpy zombie (D:15)
  9 trolls
  3 large abominations (Lair:5)
  A wolf spider simulacrum (D:12)
  4 tyrant leeches (Swamp:1)
  A hornet (Swamp:1)
  3 slime creatures
  9 dream sheep
  27 blink frogs
  3 meliai zombies (D:12)
  7 wraiths
  A spriggan (shapeshifter) (D:13)
  12 small abominations (Lair:5)
  3 centaur simulacra
  Sigmund (D:6)
  41 yaks
  6 shadows
  4 vampires
  2 ynoxinuls (Lair:5)
  4 fire bats (Lair:1)
  A fire elemental (Lair:1)
  A hog (shapeshifter) (Lair:5)
  2 wyverns
  2 steam dragons
  15 vampire mosquitoes
  7 basilisks
  A chaos spawn (Lair:5)
  Menkaure (D:6)
  2 redbacks (Lair:2)
  3 swamp worms
  8 wargs
  2 acid dragons (D:12)
  2 water moccasins (shapeshifter)
  A floating eye (shapeshifter) (D:12)
  2 hell hounds (Lair:2)
  Duvessa (D:6)
  14 water moccasins
  A swamp drake (Swamp:1)
  A floating eye (Lair:4)
  Pargi (D:4)
  41 orc warriors
  A sky beast (D:7)
  4 black bears
  2 ice beasts
  13 ogres
  A boggart (D:12)
  13 wolves
  5 centaurs
  4 lemures (D:6)
  Blork the orc (D:6)
  A kobold brigand (D:9)
  18 bullfrogs
  2 gnoll sergeants
  2 necrophages (D:4)
  2 scorpions
  11 wights
  Dowan (D:6)
  9 killer bees
  2 electric eels (Lair:2)
  A spectral centaur (D:7)
  8 howler monkeys
  2 lava snakes (Lair:1)
  9 hounds
  2 jellies
  Crazy Yiuf (D:7)
  A gnoll bouda (D:7)
  35 orc priests
  A boggart zombie (D:12)
  3 iguanas
  21 orc wizards
  4 hell rats (Lair:2)
  Ijyb (D:3)
  A spectral howler monkey (D:7)
  A howler monkey skeleton (D:7)
  8 adders
  22 gnolls
  A shadow imp (D:7)
  13 white imps
  3 worms
  A dart slug (D:2)
  99 orcs
  4 endoplasms
  5 giant cockroaches
  6 goblins
  10 hobgoblins
  9 jackals
  11 kobolds
  A quokka (D:3)
  4 ball pythons
  5 bats
  3 frilled lizards
  9 rats
829 creatures vanquished.

Vanquished Creatures (others)
  A boulder beetle (D:14)
  3 bloated husks (Swamp:1)
  A shadow (D:12)
  A vampire mosquito (D:12)
  A warg (Orc:2)
  4 orcs
  2 demonic plants (D:1)
  4 foxfires (Swamp:1)
  62 fungi
  98 plants
177 creatures vanquished.

Grand Total: 1006 creatures vanquished

Notes
Turn   | Place    | Note
-------+----------+-------------------------------------------
     0 | D:1      | Ijustatesigmund the Gargoyle Fighter began the quest for
                  | the Orb.
     0 | D:1      | Reached XP level 1. HP: 14/14 MP: 1/1
   125 | D:1      | Found a faded altar of an unknown god.
   125 | D:1      | Noticed a shadow demon
   178 | D:1      | Reached XP level 2. HP: 19/19 MP: 2/2
   663 | D:2      | Reached XP level 3. HP: 24/24 MP: 3/3
   666 | D:2      | Reached skill level 4 in Fighting
  1284 | D:3      | Noticed Ijyb
  1306 | D:3      | Killed Ijyb
  1307 | D:3      | Reached XP level 4. HP: 30/30 MP: 4/4
  1530 | D:3      | Reached XP level 5. HP: 34/34 MP: 5/5
  1715 | D:3      | Reached skill level 5 in Fighting
  2477 | D:4      | Reached XP level 6. HP: 40/40 MP: 6/6
  2509 | D:4      | Identified the +10 long sword "Eviscerator" {elec, SInv
                  | Stlth+}
  2629 | D:4      | Noticed Pargi
  2641 | D:4      | Killed Pargi
  2642 | D:4      | Reached skill level 6 in Fighting
  2642 | D:4      | Reached skill level 1 in Long Blades
  2714 | D:4      | Found a shimmering altar of Xom.
  2715 | D:4      | Found a hazy altar of Hepliaklqana.
  2716 | D:4      | Noticed a spectral ugly thing
  2741 | D:4      | Found a staircase to the Ecumenical Temple.
  2809 | D:4      | Reached XP level 7. HP: 45/47 MP: 7/7
  2875 | D:4      | Reached skill level 7 in Fighting
  3190 | D:5      | Entered Level 5 of the Dungeon
  3484 | D:5      | Found an ornate altar of the Wu Jian Council.
  3487 | D:5      | Found a shimmering blue altar of Sif Muna.
  3496 | D:5      | Found a bloodstained altar of Trog.
  3566 | D:5      | Reached XP level 8. HP: 11/53 MP: 8/8
  3687 | D:5      | Found a glowing golden altar of the Shining One.
  3687 | D:5      | Found a glowing silver altar of Zin.
  3693 | D:5      | Found an iron altar of Okawaru.
  3696 | D:5      | Found a broken altar of Ashenzari.
  3698 | D:5      | Found a hide-covered altar of Uskayaw.
  3718 | D:5      | Got Sif Muna's Commentary on Shocking Imprecation
  3973 | D:5      | Reached skill level 8 in Fighting
  4016 | D:5      | Reached skill level 5 in Long Blades
  4295 | D:6      | Reached skill level 9 in Fighting
  4331 | D:6      | Reached skill level 5 in Maces & Flails
  4331 | D:6      | Reached XP level 9. HP: 60/60 MP: 9/9
  4360 | D:6      | Noticed Menkaure
  4372 | D:6      | Killed Menkaure
  4446 | Temple   | Entered the Ecumenical Temple
  4555 | Temple   | Became a worshipper of Cheibriados the Contemplative
  4642 | D:6      | Noticed Dowan
  4644 | D:6      | Noticed Duvessa
  4676 | D:6      | Killed Duvessa
  4684 | D:6      | Killed Dowan
  4685 | D:6      | Reached skill level 1 in Invocations
  4846 | D:6      | Noticed Sigmund
  4850 | D:6      | Killed Sigmund
  4879 | D:6      | Reached skill level 5 in Armour
  4945 | D:6      | Noticed Blork the orc
  4954 | D:6      | Killed Blork the orc
  5076 | D:6      | Noticed Pikel
  5092 | D:6      | Killed Pikel
  5093 | D:6      | Reached skill level 10 in Fighting
  5188 | D:7      | Reached * piety under Cheibriados
  5326 | D:7      | Reached XP level 10. HP: 68/68 MP: 12/12
  5353 | D:7      | Found a runed translucent gate.
  5353 | D:7      | Found a runed translucent gate.
  5354 | D:7      | Found a runed translucent gate.
  5362 | D:7      | Noticed Quingondo's ghost (novice OpWn)
  5380 | D:7      | Killed Quingondo's ghost
  5388 | D:7      | Identified the +4 ring mail "Surriq" {Int+7}
  5653 | D:7      | Found a burning altar of Makhleb.
  5653 | D:7      | Found a shadowy altar of Dithmenos.
  5714 | D:7      | Found a runed translucent door.
  5715 | D:7      | Noticed Crazy Yiuf
  5759 | D:7      | Found a radiant altar of Vehumet.
  5819 | D:7      | Killed Crazy Yiuf
  5927 | D:8      | Reached skill level 1 in Stealth
  5927 | D:8      | Reached skill level 5 in Invocations
  5958 | D:8      | Reached ** piety under Cheibriados
  6048 | D:8      | Found a staircase to the Lair.
  7217 | D:9      | Reached *** piety under Cheibriados
  7742 | D:10     | Entered Level 10 of the Dungeon
  7763 | D:10     | Reached skill level 1 in Dodging
  7804 | D:10     | Reached XP level 11. HP: 63/73 MP: 16/16
  7898 | D:10     | Noticed Psyche
  7907 | D:10     | Killed Psyche
  7908 | D:10     | Reached skill level 11 in Fighting
  7922 | D:10     | Noticed Snorg
  7932 | D:10     | Killed Snorg
  8504 | D:11     | Noticed a manticore
  8511 | D:11     | Killed a manticore
  8610 | D:11     | You fall into a shaft and drop 3 floors!
  8649 | D:14     | Reached **** piety under Cheibriados
  8660 | D:13     | Noticed a centaur warrior
  8671 | D:13     | Killed a centaur warrior
  8728 | D:13     | Noticed a tengu warrior
  8728 | D:13     | Noticed a tengu warrior
  8728 | D:13     | Noticed a boulder beetle
  8839 | D:13     | Noticed a six-headed hydra
  8847 | D:13     | Killed a six-headed hydra
  8966 | D:13     | Noticed a deep elf pyromancer
  8971 | D:13     | Killed a deep elf pyromancer
  9034 | D:13     | Noticed a tengu warrior
  9065 | D:12     | Noticed a cyclops
  9074 | D:12     | Killed a cyclops
  9080 | D:12     | Reached skill level 12 in Fighting
  9150 | D:12     | Noticed a four-headed hydra
  9160 | D:12     | Killed a four-headed hydra
  9161 | D:12     | Reached XP level 12. HP: 76/81 MP: 16/18
  9339 | D:11     | Noticed an eight-headed hydra
  9339 | D:11     | Noticed a boulder beetle
  9359 | D:12     | Killed a boulder beetle
  9389 | D:11     | Killed an eight-headed hydra
  9419 | D:11     | Noticed a two-headed ogre
  9427 | D:11     | Killed a two-headed ogre
  9428 | D:11     | Reached skill level 5 in Shields
  9563 | D:11     | Noticed a two-headed ogre
  9572 | D:11     | Killed a two-headed ogre
  9771 | D:11     | Identified the +3 buckler "Poesec" {Stlth+}
 10415 | D:12     | Reached ***** piety under Cheibriados
 10418 | D:12     | Reached skill level 10 in Maces & Flails
 10578 | D:11     | Reached skill level 10 in Invocations
 10651 | D:11     | Reached skill level 1 in Evocations
 10729 | D:12     | Noticed a boulder beetle
 10730 | D:12     | Noticed a two-headed ogre
 10732 | D:12     | Noticed a catoblepas
 10734 | D:12     | Identified the +7 long sword of Kenoih {elec, rN+++ rCorr
                  | Dex+3 Stlth-}
 10734 | D:12     | Noticed an ettin
 10745 | D:12     | Noticed a two-headed ogre
 10770 | D:12     | Killed an ettin
 10771 | D:12     | Reached skill level 5 in Stealth
 10777 | D:12     | Reached XP level 13. HP: 79/86 MP: 11/20
 10964 | D:12     | Found a staircase to the Orcish Mines.
 11732 | D:12     | Gained mutation: You are somewhat resistant to further
                  | mutation. [potion of mutation]
 11733 | D:12     | Lost mutation: You are somewhat resistant to further
                  | mutation. [potion of mutation]
 11733 | D:12     | Gained mutation: Your flesh is heat resistant. (rF+)
                  | [potion of mutation]
 11733 | D:12     | Gained mutation: Your magical capacity is low. (-10% MP)
                  | [potion of mutation]
 11733 | D:12     | Gained mutation: You expend magic power (3 MP) to
                  | strengthen your wands. [potion of mutation]
 11733 | D:12     | Gained mutation: You have a somewhat thin skeletal
                  | structure. (Dex +2, Stealth+) [potion of mutation]
 11736 | D:12     | Reached skill level 13 in Fighting
 11736 | D:12     | Gained mutation: Your large and strong wings let you fly.
                  | [Gargoyle growth]
 11736 | D:12     | Reached XP level 14. HP: 94/94 MP: 20/20
 12007 | D:13     | Reached skill level 5 in Evocations
 12513 | D:14     | Noticed Roxanne
 12736 | D:14     | Killed Roxanne
 12856 | D:14     | Reached ****** piety under Cheibriados
 12950 | D:14     | Noticed Frances
 12987 | D:14     | Found a gate to the Vaults.
 13260 | D:14     | Killed Frances
 13261 | D:14     | Reached XP level 15. HP: 75/100 MP: 6/21
 13642 | D:14     | Reached skill level 14 in Fighting
 13679 | D:15     | Entered Level 15 of the Dungeon
 13890 | D:15     | Identified the +7 whip of Dishonour {vorpal, rC++}
 14143 | D:15     | Reached skill level 5 in Dodging
 14336 | D:15     | Found a staircase to the Depths.
 14389 | Depths:1 | Entered Level 1 of the Depths
 14389 | Depths:1 | Found a gateway to Hell.
 14855 | Lair:1   | Entered Level 1 of the Lair of Beasts
 14935 | Lair:1   | Identified a scroll of acquirement
 14935 | Lair:1   | Acquired a manual of Evocations
 15708 | Lair:2   | Found a staircase to the Swamp.
 15788 | Lair:2   | Noticed Erica
 15797 | Lair:2   | Killed Erica
 15821 | Lair:2   | Found a hole to the Spider Nest.
 15999 | Lair:2   | Identified the +3 ring mail of Gravitas {Str+7}
 16516 | Lair:3   | Learned a level 1 spell: Apportation
 16566 | Lair:3   | Noticed Sonja
 16582 | Lair:3   | Killed Sonja
 16711 | Lair:3   | Reached skill level 1 in Translocations
 16980 | Lair:3   | Reached skill level 15 in Fighting
 17382 | Lair:4   | Reached XP level 16. HP: 108/108 MP: 23/23
 17405 | Lair:4   | Found a viscous altar of Jiyva.
 17406 | Lair:4   | Found a staircase to the Slime Pits.
 17415 | Lair:4   | Paralysed by a floating eye for 4 turns
 18277 | Lair:5   | Entered Level 5 of the Lair of Beasts
 18704 | Lair:5   | Reached skill level 1 in Spellcasting
 19084 | Lair:5   | Found a blossoming altar of Fedhas.
 19609 | Lair:5   | Found a corrupted altar of Lugonu.
 19609 | Lair:5   | Found a one-way gate to the infinite horrors of the Abyss.
 19939 | Orc:1    | Entered Level 1 of the Orcish Mines
 20219 | Orc:1    | Found Wenid's Book Shop.
 20361 | Orc:2    | Entered Level 2 of the Orcish Mines
 21078 | Orc:2    | Paralysed by an orc sorcerer for 4 turns
 21092 | Orc:2    | Reached skill level 10 in Evocations
 21313 | Orc:2    | Found Aluemuki's Antique Weapon Boutique.
 21354 | Orc:2    | Found Diatearch's Jewellery Shop.
 21548 | Orc:2    | Found a staircase to the Elven Halls.
 21751 | Orc:2    | Noticed Saint Roka
 21779 | Orc:2    | Killed Saint Roka
 21780 | Orc:2    | Reached skill level 16 in Fighting
 21780 | Orc:2    | Reached XP level 17. HP: 75/115 MP: 19/25
 22112 | Orc:2    | Found Utwufuog's Weapon Boutique.
 22149 | Orc:2    | Found Orcheroan's Armour Shop.
 22544 | D:12     | Lost mutation: Your magical capacity is low. (-10% MP)
                  | [potion of mutation]
 22544 | D:12     | Lost mutation: Your flesh is heat resistant. (rF+) [potion
                  | of mutation]
 22544 | D:12     | Lost mutation: You expend magic power (3 MP) to strengthen
                  | your wands. [potion of mutation]
 22544 | D:12     | Gained mutation: You possess an exceptional clarity of
                  | mind. [potion of mutation]
 22544 | D:12     | Gained mutation: You are dopey. (Int -2) [potion of
                  | mutation]
 22545 | D:12     | Lost mutation: You are dopey. (Int -2) [potion of mutation]
 22545 | D:12     | Lost mutation: You possess an exceptional clarity of mind.
                  | [potion of mutation]
 22545 | D:12     | Lost mutation: You have a somewhat thin skeletal structure.
                  | (Dex +2, Stealth+) [potion of mutation]
 22545 | D:12     | Gained mutation: You are weak. (Str -2) [potion of
                  | mutation]
 22545 | D:12     | Gained mutation: Your flesh is cold resistant. (rC+)
                  | [potion of mutation]
 22546 | D:12     | Lost mutation: Your flesh is cold resistant. (rC+) [potion
                  | of mutation]
 22546 | D:12     | Lost mutation: You are weak. (Str -2) [potion of mutation]
 22546 | D:12     | Gained mutation: Your muscles are strong. (Str +4, Int/Dex
                  | -1) [potion of mutation]
 22546 | D:12     | Gained mutation: You expend magic power (3 MP) to
                  | strengthen your wands. [potion of mutation]
 22547 | D:12     | Lost mutation: You expend magic power (3 MP) to strengthen
                  | your wands. [potion of mutation]
 22547 | D:12     | Lost mutation: Your muscles are strong. (Str +4, Int/Dex
                  | -1) [potion of mutation]
 22547 | D:12     | Gained mutation: You passively dampen the noise of your
                  | surroundings. [potion of mutation]
 22547 | D:12     | Gained mutation: You are occasionally teleported next to
                  | monsters. [potion of mutation]
 22547 | D:12     | Gained mutation: You have a pair of small horns on your
                  | head. [potion of mutation]
 22547 | D:12     | Gained mutation: Your muscles are strong. (Str +4, Int/Dex
                  | -1) [potion of mutation]
 22548 | D:12     | Lost mutation: Your muscles are strong. (Str +4, Int/Dex
                  | -1) [potion of mutation]
 22548 | D:12     | Lost mutation: You passively dampen the noise of your
                  | surroundings. [potion of mutation]
 22548 | D:12     | Lost mutation: You are occasionally teleported next to
                  | monsters. [potion of mutation]
 22548 | D:12     | Gained mutation: You are weak. (Str -2) [potion of
                  | mutation]
 22548 | D:12     | Gained mutation: Your mind is acute. (Int +4, Str/Dex -1)
                  | [potion of mutation]
 22760 | Swamp:1  | Entered Level 1 of the Swamp
 22853 | Swamp:1  | Reached skill level 10 in Armour
 23151 | Swamp:1  | HP: 5/115 [acid[a spriggan druid] (7)]
 23153 | Swamp:1  | Slain by a swamp worm

Illustrated notes

Levels and vault maps discovered:
D:1:      nicolae_arrival_washed_ashore, layout_rooms,
          dreamdust_ecumenical_altar_sealed_demon, serial_bayou_pond_d
D:2:      layout_basic
D:3:      layout_loops_ring, minivault_25, uniq_ijyb
D:4:      cheibrodos_barr_body, layout_gridville,
          regret_index_temple_of_mockery, uniq_pargi
D:5:      kennysheep_six_static_rooms, layout_basic,
          nzn_overflow_gifts_of_might_and_magic,
          nicolae_overflow_hallway_of_the_gods
D:6:      layout_rooms, uniq_duvessa, uniq_menkaure, uniq_sigmund, uniq_pikel,
          uniq_blork_the_orc
D:7:      layout_rooms, lemuel_tele_altar, gammafunk_temple_overflow_wave,
          gammafunk_ghost_necromancy, uniq_crazy_yiuf_cottage
D:8:      layout_loops_ring, due_lair_maze_entry_diamond
D:9:      layout_stronghold
D:10:     layout_big_octagon, uniq_psyche, uniq_snorg
D:11:     layout_basic
D:12:     nzn_winding_woodlands_stair_cross [nzn_winding_woodlands_5x15_cabin,
          nzn_winding_woodlands_center_garden,
          nzn_winding_woodlands_5x15_sawtooth,
          nzn_winding_woodlands_5x5_open_star, nzn_winding_woodlands_5x5_three,
          nzn_winding_woodlands_5x15_concentric,
          nzn_winding_woodlands_center_triple_pond,
          nzn_winding_woodlands_5x15_longhouse], layout_irregular_city,
          minmay_orc_entry_guard_dogs, serial_undead, serial_undead_a,
          serial_undead_c, serial_undead_a, serial_undead_e
D:13:     layout_roguey, portal_ice_cave_entry_imps,
          dreamdust_princess_corridor, st_stairs_5, statue_in_the_mist_lemuel
D:14:     layout_small_grid, lightli_vaults_fourway_checkpoint,
          kennysheep_boxes, minmay_quadrilaterals, uniq_roxanne, uniq_frances
D:15:     grunt_enter_depths_magical_seal, layout_grid_maze, serial_park_tiny_1
Temple:   kb_temple_of_zot
Lair:1:   layout_chaotic_city, infiniplex_staircase_pool_2
Lair:2:   layout_hall_layers, nicolae_swamp_entry_splash_gauntlet,
          spider_nest_entry_webs, enter_volcano_3, nicolae_lair_lil_pond,
          uniq_erica
Lair:3:   layout_small_grid, hibernation_bobbens, grunt_megastairs_3, uniq_sonja
Lair:4:   layout_small_grid, minmay_slime_entry_eyes, beast_lair_carwin_1
Lair:5:   hellmonk_lair_end_abyssal_woods, layout_long_grid, basic_altar,
          grunt_megastairs_2
Swamp:1:  layout_basic_swamp, evilmike_swamp_ruin_house_6, swamp_pool1,
          nzn_swamp_blast_mining
Orc:1:    layout_caves, serial_shops, shop, mines2_lemuel
Orc:2:    pubby_orc_utopia, uniq_saint_roka
Depths:1: minmay_sliced_demisemicircle, layout_cave_pools, hell_entry,
          serial_shops, nicolae_shop_bloodbath_and_beyond, shop_fountains, shop,
          shop, nicolae_lakefront_shop, minmay_librarian, serial_bayou_shore_b

Skill      XL: |  1  2  3  4  5  6  7  8  9 10 11 12 13 14 15 16 17 |
---------------+----------------------------------------------------+-----
Fighting       | 4 5 6 7 9 10 12 13 15 16 | 16.1
Maces & Flails | 3 4 5 6 7 9 10 11 13 14 | 14.2
Long Blades    | 2 4 5 |  5.4
Armour         | 4 6 7 8 9 10 | 10.1
Invocations    | 3 6 8 10 11 12 13 14 | 14.9
Stealth        | 4 5 6 |  6.5
Dodging        | 1 3 4 5 |  5.8
Shields        | 4 6 |  6.7
Evocations     | 1 4 5 7 10 11 | 11.0
Translocations | 2 3 |  3.2
Spellcasting   | 3 4 |  4.3

Action                   |  1- 3 |  4- 6 |  7- 9 | 10-12 | 13-15 | 16-18 || total
-------------------------+-------+-------+-------+-------+-------+-------++-------
Melee: Flail             |   112 |   108 |       |    10 |   761 |   942 ||  1933
       Unarmed           |    11 |       |       |       |       |       ||    11
       Long sword        |       |    20 |   236 |   465 |    43 |       ||   764
       Headbutt          |       |       |       |       |       |    36 ||    36
Throw: Throwing net      |       |       |     4 |     1 |       |       ||     5
Invok: Slouch            |       |       |       |     1 |     3 |     9 ||    13
       Bend Time         |       |       |       |       |     1 |       ||     1
Evoke: Wand              |       |       |       |     8 |     8 |     6 ||    22
  Use: Scroll            |       |     8 |    10 |     6 |    12 |     3 ||    39
       Potion            |       |       |     1 |     2 |    17 |    10 ||    30
 Stab: Sleeping          |       |     1 |     5 |    21 |    47 |    32 ||   106
       Petrified         |       |       |       |    18 |    16 |       ||    34
       Petrifying        |       |       |       |     1 |       |       ||     1
       Invisible         |       |       |       |       |     7 |     6 ||    13
       Distracted        |       |       |       |       |     9 |     5 ||    14
       Confused          |       |       |       |       |       |     2 ||     2
Armor: Scale mail        |     6 |       |       |       |       |       ||     6
       Troll leather arm |    44 |    76 |   122 |   215 |   369 |   243 ||  1069
       Skin              |     2 |       |       |       |       |       ||     2
       Ring mail         |       |       |       |   140 |       |       ||   140
Dodge: Dodged            |    74 |    64 |   128 |   344 |   514 |   660 ||  1784
Block: Buckler           |    24 |    23 |    42 |   184 |   441 |   584 ||  1298
